 Dungeon Crawl Stone Soup version 0.18-a0-1730-g73f0523 (webtiles) character file.

202 Duffy the Shield-Bearer (level 6, -7/47 HPs)
             Began as a Formicid Fighter on Apr 10, 2016.
             Mangled by an ogre
             ... wielding a +0 giant club
              (17 damage)
             ... on level 4 of the Dungeon.
             The game lasted 00:03:05 (2460 turns).

Duffy the Shield-Bearer (Formicid Fighter)          Turns: 2460, Time: 00:03:06

Health: -7/47      AC:  9    Str: 22    XL:     6   Next: 8%
Magic:  6/6        EV:  6    Int:  8    God:
Gold:   162        SH: 10    Dex: 10    Spells: 0 memorised, 5 levels left

rFire  . . .     SeeInvis +     a - +0 war axe
rCold  + . .     Gourm    .     j - +0 chain mail {rC+}
rNeg   + . .     Faith    +     c - +0 shield
rPois  .         Spirit   .     (helmet unavailable)
rElec  .         Dismiss  .     (no cloak)
rCorr  .         Reflect  .     (no gloves)
SustAt .         Harm     .     (no boots)
MR     +....                    s - amulet of faith
Stlth  ..........               u - ring of positive energy
                                g - ring of protection from magic

@: somewhat resistant to hostile enchantments, extremely unstealthy
A: permanent stasis, dig shafts and tunnels, four strong arms, antennae 3
a: Dig, Shaft Self


You were on level 4 of the Dungeon.
You were not hungry.

You visited 1 branch of the dungeon, and saw 4 of its levels.

You collected 162 gold pieces.


Innate Abilities, Weirdness & Mutations

You are under a permanent stasis effect.
You can dig through walls and to a lower floor.
Your four strong arms can wield two-handed weapons with a shield.
You have a pair of large antennae on your head (SInv).


   Skills:
 - Level 3.2 Fighting
 + Level 4.4 Axes
 - Level 3.2 Armour
 + Level 5.7 Shields


You had 5 spell levels left.
You didn't know any spells.

Inventory:

Hand Weapons
 a - a +0 war axe (weapon)
Missiles
 w - 5 javelins (quivered)
Armour
 b - a +0 scale mail
 c - a +0 shield (worn)
 j - a +0 chain mail of cold resistance (worn)
Jewellery
 g - a ring of protection from magic (left hand)
 l - an uncursed ring of ice
 s - an amulet of faith (around neck)
 u - a ring of positive energy (right hand)
Scrolls
 k - 2 scrolls of enchant armour {unknown}
 p - a scroll of identify {unknown}
 q - a scroll of recharging {unknown}
 t - a scroll of magic mapping {unknown}
 x - a scroll of remove curse {unknown}
Potions
 d - a potion of might
 e - a potion of degeneration {unknown}
 h - 2 potions of curing {unknown}
 i - 2 potions of lignification {unknown}
 n - 3 potions of brilliance {unknown}
 v - a potion of heal wounds {unknown}
Books
 r - a book of Burglary
Comestibles
 f - 3 bread rations
 m - 3 fruits
 o - 3 meat rations

Dungeon Overview and Level Annotations

Branches:
Dungeon (4/15)
 Temple: D:4-7

Altars:
Elyvilon


Message History

Throwing (i - inventory):
w - 6 javelins (quivered)
Press: ? - help, Shift-Dir - straight line, f/p - ogre
Aim: an ogre, wielding a giant club (moderately wounded)
You throw a javelin. The javelin hits the hound skeleton.
You block the hound skeleton's attack.
Throwing (i - inventory):
w - 5 javelins (quivered)
Press: ? - help, Shift-Dir - straight line, f/p - ogre
Aim: an ogre, wielding a giant club (moderately wounded)
Okay, then.
The hound skeleton barely misses you.
You slash the hound skeleton!
You destroy the hound skeleton!
Your chain mail prevents you from hitting the ogre.
The ogre is moderately wounded.
The ogre barely misses you.
You hit the ogre.
The ogre is heavily wounded.
You block the ogre's attack.
You hit the ogre.
The ogre is heavily wounded.
The ogre hits you with a giant club!
You hit the ogre.
The ogre is heavily wounded.
The ogre hits you with a giant club!!
Ouch! That really hurt!
You are too injured to fight recklessly!
You are too injured to fight recklessly!
You are too injured to fight recklessly!
You completely miss the ogre.
The ogre is heavily wounded.
You block the ogre's attack.
You hit the ogre but do no damage.
The ogre is heavily wounded.
The ogre barely misses you. The ogre hits you with a giant club!
You die...

#..........#
#....).....#
##........##
##........## ..
#..........#
...
#...>......#
..##..........#
..............#
.#.....O@....#
#..........##
..###........##
...(.(..######
(..........#
#.#$.#####.#
#... # #.. ..


You could see an ogre.

Action                   |  1- 3 |  4- 6 || total
-------------------------+-------+-------++-------
Melee: War axe           |    64 |   194 ||   258
Throw: Javelin           |       |     3 ||     3
 Abil: Dig               |       |     1 ||     1
  Eat: Chunk             |       |     6 ||     6

Notes
Turn   | Place    | Note
--------------------------------------------------------------
     0 | D:1      | Duffy the Formicid Fighter began the quest for the Orb.
     0 | D:1      | Reached XP level 1. HP: 18/18 MP: 1/1
    26 | D:1      | Reached XP level 2. HP: 22/24 MP: 2/2
    65 | D:1      | Reached skill level 4 in Shields
   169 | D:1      | Reached XP level 3. HP: 29/29 MP: 3/3
   185 | D:1      | Reached skill level 3 in Axes
   596 | D:1      | Reached XP level 4. HP: 26/35 MP: 4/4
  1255 | D:3      | Reached skill level 5 in Shields
  1255 | D:3      | Reached XP level 5. HP: 31/41 MP: 5/5
  1733 | D:3      | Reached skill level 4 in Axes
  1791 | D:3      | Found a white marble altar of Elyvilon.
  2241 | D:4      | Noticed an ogre
  2429 | D:4      | Reached XP level 6. HP: 47/47 MP: 6/6
  2460 | D:4      | Mangled by an ogre

Vault maps used:
D:1:      erik_arrival_orb_chamber, st_stairs_13
D:3:      elyvilon_altar_3
D:4:      first_bread, uniq_pikel, uniq_edmund

Vanquished Creatures
  A hound
  An orc wizard
  A hound skeleton
  4 adders
  A gnoll
  An ooze
  An adder skeleton
  5 dart slugs
  5 giant geckos
  5 orcs
  2 giant cockroaches
  6 goblins
  6 hobgoblins
  4 jackals
  A quokka
  6 bats
  2 giant newts
  2 kobolds
  19 rats
73 creatures vanquished.
